 Dungeon Crawl Stone Soup version 0.28.0 (webtiles) character file.

Game seed: 13117473733835346498

25066 crazypyro the Severer (level 12, -10/101 HPs)
             Began as a Minotaur Fighter on Feb 5, 2022.
             Was a High Priest of Makhleb.
             Killed from afar by a frost giant (22 damage)
             ... with a bolt of cold
             ... in an ice cave.
             The game lasted 00:17:06 (10715 turns).

crazypyro the Severer (Minotaur Fighter)           Turns: 10715, Time: 00:17:06

Health: -10/101    AC: 16    Str: 26    XL:     12   Next: 86%
Magic:  16/16      EV: 13    Int:  5    God:    Makhleb [*****.]
Gold:   1051       SH:  0    Dex: 10    Spells: 11/11 levels left

rFire   x . .      SeeInvis .   m - +5 battleaxe (vamp)
rCold   + . .      Faith    .   (shield currently unavailable)
rNeg    . . .      Spirit   .   b - +0 scale mail
rPois   .          Reflect  .   (helmet restricted)
rElec   .          Harm     .   j - +0 cloak
rCorr   .          Rampage  .   (no gloves)
Will    .....                   y - +1 pair of boots
Stlth   ..........              h - amulet of regeneration
HPRegen 1.06/turn               p - +4 ring of protection
MPRegen 0.15/turn               O - ring of ice

@: no status effects
A: horns 2, retaliatory headbutt
a: Renounce Religion, Minor Destruction, Lesser Servant of Makhleb, Major
Destruction, Greater Servant of Makhleb


You were in an ice cave.
You worshipped Makhleb.
Makhleb was extremely pleased with you.
You visited 3 branches of the dungeon, and saw 13 of its levels.
You also visited: Ice Cave.

You collected 1051 gold pieces.

Inventory:

Hand Weapons
 a - a +0 war axe
 k - a +3 hand axe of venom
 m - a +5 vampiric battleaxe (weapon)
 w - a +5 halberd
Missiles
 K - a throwing net (quivered)
Armour
 b - a +0 scale mail (worn)
 c - a +0 buckler
 j - a +0 cloak (worn)
 y - a +1 pair of boots (worn)
 D - a +1 tower shield of fire resistance
Jewellery
 h - an amulet of regeneration (around neck)
 p - a +4 ring of protection (left hand)
 F - a ring of flight
 O - a ring of ice (right hand)
Wands
 u - a wand of acid (9)
 x - a wand of polymorph (13)
 A - a wand of mindburst (12)
 B - a wand of paralysis (4)
 C - a wand of iceblast (8)
 E - a wand of charming (8)
 N - a wand of flame (10)
Scrolls
 d - a scroll of enchant armour
 e - 5 scrolls of identify
 f - 3 scrolls of fog
 l - a scroll of summoning
 n - 2 scrolls of blinking
 r - a scroll of immolation
 s - 2 scrolls of acquirement {unknown}
 t - 2 scrolls of silence
 H - a scroll of enchant weapon
 I - a scroll of fear
 J - a scroll of teleportation
 L - a scroll of amnesia {unknown}
 M - a scroll of magic mapping {unknown}
Potions
 g - 3 potions of curing
 i - 2 potions of invisibility
 o - a potion of mutation
 q - 3 potions of attraction
 v - 2 potions of flight
 z - a potion of degeneration {unknown}
 G - 2 potions of ambrosia {unknown}


   Skills:
 + Level 8.0 Fighting
 * Level 19.1 Axes
 + Level 10.1 Armour
 - Level 8.4 Dodging
 - Level 3.6 Shields
 + Level 7.7 Invocations


You had 11 spell levels left.
You didn't know any spells.
Your spell library contained the following spells:

 Spells                   Type           Power      Damage    Failure   Level
 Apportation              Tloc           0%         N/A       71%         1
 Foxfire                  Conj/Fire      0%         2x1d4     71%         1
 Scorch                   Fire           0%         2d5       85%         2
 Confusing Touch          Hex            0%         N/A       97%         3
 Conjure Flame            Conj/Fire      0%         6-21      97%         3
 Inner Flame              Hex/Fire       0%         N/A       97%         3
 Flame Wave               Conj/Fire      0%         2d4       100%        4
 Alistair's Intoxication  Tmut/Pois      0%         N/A       100%        5
 Borgnjor's Vile Clutch   Necr/Erth      0%         N/A       100%        5
 Yara's Violent Unravell  Hex/Tmut       0%         3d3       100%        5
 Eringya's Noxious Bog    Tmut/Pois      0%         N/A       100%        6
 Summon Cactus Giant      Summ           0%         N/A       100%        6
 Enfeeble                 Hex            0%         N/A       100%        7
 Borgnjor's Revivificati  Necr           0%         N/A       100%        8
 Necromutation            Tmut/Necr      0%         N/A       100%        8
 Death's Door             Necr           0%         N/A       100%        9


Dungeon Overview and Level Annotations

Branches:
Dungeon (11/15)            Temple (1/1) D:4            Lair (0/6) D:9
    Orc (1/2) D:10          IceCv (1/1)

Altars:
Ashenzari
Cheibriados
Dithmenos
Elyvilon
Fedhas
Gozag
Hepliaklqana
Kikubaaqudgha
Makhleb
Nemelex Xobeh
Okawaru
Qazlal
Ru
Sif Muna
Trog
Uskayaw
Vehumet
Wu Jian
Xom
Yredelemnul
Zin
The Shining One

Shops:
D:8 **

Annotations:
D:9 exclusion: ice statue


Innate Abilities, Weirdness & Mutations

You have a pair of horns on your head.
You reflexively headbutt those who attack you in melee.


Message History

The frost giant is moderately wounded.
You slash the death yak!
You feel better. The frost giant casts a spell at you.
The bolt of cold misses you. The death yak gores you.
You hit the frost giant.
You feel better.
You headbutt the frost giant.
The frost giant is moderately wounded.
You slash the death yak!
You feel better. The frost giant closely misses you. The death yak gores you!
You slash the frost giant! You headbutt the frost giant!
The frost giant is heavily wounded.
You hit the death yak.
You feel better.
You hit the frost giant.
You feel better.
The frost giant is heavily wounded.
You hit the death yak but do no damage. The death yak gores you!
The frost giant points at you and mumbles some strange words.
The bolt of cold hits you! You resist.
You chop the frost giant into pieces!!!
You feel better.
The frost giant is almost dead.
You slash the death yak!
You feel better. The death yak gores you! The frost giant casts a spell at you.
The bolt of cold misses you.
You slice the death yak!!
The death yak is severely wounded.
You hit the frost giant.
The frost giant hits you with a +2 battleaxe of freezing!!!
* * * LOW HITPOINT WARNING * * *
The frost giant freezes you.
* * * LOW HITPOINT WARNING * * *
The death yak barely misses you.
The wolf stops to sniff the ground.
You feel better. The death yak gores you.
* * * LOW HITPOINT WARNING * * *
The frost giant hits you with a +2 battleaxe of freezing!!
* * * LOW HITPOINT WARNING * * *
The frost giant freezes you.
* * * LOW HITPOINT WARNING * * *
You feel better. The frost giant casts a spell at you.
The bolt of cold hits you!! You resist.
You die...

....# ....# ....##
.....## ###### ......#
###....### .......
#####....#...####C......
.#.....####....#@Yh#
....#### ####..†###
##### #####


You could see a frost giant, a death yak and a wolf.

Vanquished Creatures
  Fannar (Orc:1)
  Josephine (D:11)
  Erica (D:8)
  2 two-headed ogres
  4 death yaks (IceCv)
  A necromancer (D:11)
  An orc knight (Orc:1)
  Pikel (D:4)
  An orc sorcerer (Orc:1)
  A salamander (shapeshifter) (D:8)
  Maurice (D:11)
  An ice statue (IceCv)
  Joseph (D:7)
  Psyche (D:9)
  6 rime drakes (IceCv)
  An efreet (D:11)
  2 trolls
  4 polar bears (IceCv)
  Prince Ribbit (D:6)
  A hornet (D:9)
  A meliai zombie (D:11)
  A shadow (D:11)
  Sigmund (D:6)
  33 yaks
  3 wraiths (D:11)
  A wyvern (D:9)
  Eustachio (D:4)
  A steam dragon (D:9)
  A warg (Orc:1)
  Duvessa (D:6)
  2 acid dragons (D:10)
  A water moccasin (D:5)
  8 orc warriors
  3 black bears
  2 necrophages
  5 ogres
  9 wolves
  6 centaurs
  3 lemures (D:4)
  A phantom (D:4)
  2 kobold brigands
  3 bullfrogs
  3 gnoll sergeants
  A scorpion (D:4)
  A wyvern zombie (D:6)
  2 water moccasin skeletons
  A water moccasin zombie (D:6)
  Dowan (D:6)
  8 killer bees (D:9)
  8 wights
  5 howler monkeys
  A bullfrog zombie (D:6)
  2 gnoll shamans
  2 hounds (D:6)
  2 jellies (D:7)
  14 orc priests
  A bullfrog skeleton (D:4)
  A centaur skeleton (D:6)
  Terence (D:3)
  4 iguanas
  13 orc wizards
  2 polar bear simulacra (D:11)
  4 yak simulacra (D:11)
  2 howler monkey skeletons (D:4)
  18 gnolls
  7 adders
  2 shadow imps
  12 white imps (Orc:1)
  3 ufetubi
  2 adder skeletons (D:4)
  5 worms
  A dart slug (D:4)
  36 orcs
  3 ball pythons
  8 endoplasms
  2 giant cockroaches
  4 goblins
  7 hobgoblins
  3 quokkas
  4 bats
  3 frilled lizards
  A jackal skeleton (D:4)
  12 kobolds
  3 rats (D:1)
  5 river rat simulacra (D:11)
342 creatures vanquished.

Notes
Turn   | Place    | Note
-------+----------+-------------------------------------------
     0 | D:1      | crazypyro the Minotaur Fighter began the quest for the Orb.
     0 | D:1      | Reached XP level 1. HP: 19/19 MP: 0/0
    72 | D:1      | Reached skill level 3 in Axes
    77 | D:1      | Reached XP level 2. HP: 17/26 MP: 1/1
   265 | D:1      | Found a faded altar of an unknown god.
   306 | D:1      | Prayed at the altar of an unknown god.
   306 | D:1      | Became a worshipper of Sif Muna the Loreminder
   306 | D:1      | Reached * piety under Sif Muna
   541 | D:1      | Reached skill level 4 in Axes
  1138 | D:2      | You fall into a shaft and drop 1 floor!
  1164 | D:3      | Reached XP level 3. HP: 25/31 MP: 2/2
  1345 | D:3      | Reached skill level 5 in Axes
  1528 | D:3      | Noticed Terence
  1533 | D:3      | Killed Terence
  1534 | D:3      | Reached XP level 4. HP: 39/39 MP: 3/3
  1620 | D:3      | Reached skill level 6 in Axes
  1622 | D:3      | Reached XP level 5. HP: 21/45 MP: 4/4
  1627 | D:3      | Reached ** piety under Sif Muna
  1978 | D:3      | Reached skill level 7 in Axes
  2670 | D:4      | Reached XP level 6. HP: 50/51 MP: 5/5
  2674 | D:4      | Reached skill level 8 in Axes
  2692 | D:4      | Found a staircase to the Ecumenical Temple.
  2707 | Temple   | Entered the Ecumenical Temple
  2740 | Temple   | Fell from the grace of Sif Muna
  2740 | Temple   | Became a worshipper of Makhleb the Destroyer
  3043 | D:4      | Reached skill level 9 in Axes
  3317 | D:4      | Reached XP level 7. HP: 51/57 MP: 6/6
  3470 | D:4      | Noticed Pikel
  3484 | D:4      | Killed Pikel
  3485 | D:4      | Reached skill level 11 in Axes
  3485 | D:4      | Reached XP level 8. HP: 14/64 MP: 7/7
  3929 | D:5      | Entered Level 5 of the Dungeon
  3963 | D:5      | Noticed Eustachio
  4005 | D:4      | Killed Eustachio
  4006 | D:4      | Reached skill level 1 in Invocations
  4027 | D:5      | Reached skill level 12 in Axes
  4806 | D:6      | Reached * piety under Makhleb
  4807 | D:6      | Reached skill level 13 in Axes
  4844 | D:6      | Reached XP level 9. HP: 51/70 MP: 10/10
  4844 | D:6      | Noticed Prince Ribbit
  4861 | D:6      | Killed Prince Ribbit
  5065 | D:6      | Noticed Sigmund
  5079 | D:6      | Killed Sigmund
  5264 | D:6      | Noticed Dowan
  5271 | D:6      | Noticed Duvessa
  5282 | D:6      | Killed Dowan
  5283 | D:6      | Reached skill level 14 in Axes
  5288 | D:6      | Killed Duvessa
  5425 | D:6      | Reached skill level 5 in Invocations
  5830 | D:7      | Found a stormy altar of Qazlal.
  5855 | D:7      | Noticed Joseph
  5867 | D:7      | Killed Joseph
  5868 | D:7      | Reached skill level 1 in Dodging
  5871 | D:7      | Reached ** piety under Makhleb
  6668 | D:8      | Reached skill level 15 in Axes
  6709 | D:8      | Noticed Erica
  6727 | D:8      | Killed Erica
  6728 | D:8      | Reached XP level 10. HP: 33/77 MP: 13/13
  6869 | D:8      | Noticed a two-headed ogre
  6888 | D:8      | Killed a two-headed ogre
  6889 | D:8      | Reached skill level 5 in Armour
  6922 | D:8      | Noticed a salamander
  6931 | D:8      | Killed a salamander
  7014 | D:8      | Found Konam's Neck Hole.
  7303 | D:8      | Found Opiy's General Store.
  7538 | D:9      | Noticed an ice statue
  7553 | D:9      | Noticed a two-headed ogre
  7566 | D:9      | Killed a two-headed ogre
  7575 | D:9      | Reached skill level 16 in Axes
  7630 | D:9      | Reached XP level 11. HP: 81/82 MP: 15/15
  7667 | D:9      | Reached skill level 5 in Dodging
  7681 | D:9      | Found a staircase to the Lair.
  7689 | D:9      | Paralysed by a hornet for 2 turns
  7773 | D:9      | Reached *** piety under Makhleb
  7867 | D:9      | Found an opulent altar of Gozag.
  7988 | D:9      | Found a bloodstained altar of Trog.
  7988 | D:9      | Found a glowing silver altar of Zin.
  8066 | D:9      | Found a radiant altar of Vehumet.
  8067 | D:9      | Found a sparkling altar of Nemelex Xobeh.
  8068 | D:9      | Found a basalt altar of Yredelemnul.
  8068 | D:9      | Found a hazy altar of Hepliaklqana.
  8071 | D:9      | Found a broken altar of Ashenzari.
  8072 | D:9      | Found a snail-covered altar of Cheibriados.
  8079 | D:9      | Noticed Psyche
  8086 | D:9      | Killed Psyche
  8256 | D:10     | Entered Level 10 of the Dungeon
  8636 | D:10     | Reached skill level 17 in Axes
  8688 | D:10     | Reached **** piety under Makhleb
  8904 | D:10     | Found a staircase to the Orcish Mines.
  9242 | D:11     | Noticed a necromancer
  9249 | D:11     | Killed a necromancer
  9279 | D:11     | Noticed Maurice
  9313 | D:11     | Killed Maurice
  9314 | D:11     | Reached skill level 5 in Fighting
  9746 | D:11     | Noticed Josephine
  9758 | D:11     | Killed Josephine
  9759 | D:11     | Reached XP level 12. HP: 60/95 MP: 16/16
  9829 | D:11     | Was forgiven by Sif Muna
 10013 | Orc:1    | Entered Level 1 of the Orcish Mines
 10016 | Orc:1    | Reached ***** piety under Makhleb
 10067 | Orc:1    | Noticed Fannar
 10202 | Orc:1    | Killed Fannar
 10203 | Orc:1    | Reached skill level 18 in Axes
 10211 | Orc:1    | Paralysed by an orc sorcerer for 6 turns
 10475 | Orc:1    | Found a frozen archway.
 10512 | IceCv    | Entered an ice cave
 10540 | IceCv    | Noticed a death yak
 10557 | IceCv    | Killed a death yak
 10609 | IceCv    | Noticed a death yak
 10620 | IceCv    | Killed a death yak
 10638 | IceCv    | Noticed a death yak
 10639 | IceCv    | Noticed a death yak
 10651 | IceCv    | Killed a death yak
 10657 | IceCv    | Killed a death yak
 10666 | IceCv    | Reached skill level 10 in Armour
 10668 | IceCv    | Reached skill level 19 in Axes
 10694 | IceCv    | Noticed a death yak
 10694 | IceCv    | Noticed a frost giant
 10714 | IceCv    | HP: 5/101 [frost giant (18)]
 10714 | IceCv    | HP: 2/101 [frost giant (3)]
 10715 | IceCv    | Killed from afar by a frost giant

Illustrated notes

Levels and vault maps discovered:
D:1:      noname_arrival_rooms_in_the_neighbourhood, layout_rooms,
          chequers_ecumenical_altar_twisty, grunt_decor_clamped
D:2:      layout_basic, basic_altar, grunt_decor_arrowhead, uniq_jessica,
          uniq_crazy_yiuf_cottage
D:3:      cheibrodos_pilgrimage, layout_loops_ring, uniq_terence
D:4:      layout_loops_cross, minmay_temple_entry_glassed_door, minivault_26,
          uniq_pikel
D:5:      layout_layer_cave, uniq_eustachio
D:6:      layout_basic, uniq_prince_ribbit1, uniq_duvessa, uniq_sigmund
D:7:      layout_gridville, nicolae_qazlal_general_emergency, minivault_14,
          minmay_misc_feat_chi, uniq_joseph
D:8:      layout_basic, serial_shops, kennysheep_little_box, grunt_ministairs_1,
          nicolae_shop_sticking_my_neck_out, uniq_erica
D:9:      lemuel_ice_statue, layout_irregular_city, grunt_gozag_breadcrumbs,
          grunt_temple_overflow_open,
          chequers_temple_overflow_statue_of_worship, lair_entry_dummy,
          minmay_misc_feat_nine_boxes, uniq_psyche
D:10:     layout_cave_pools, david_orc_4, serial_gnoll_camp,
          gnoll_camp_mini_hut, gnoll_camp_mini_loothouse, gnoll_camp_mini_house,
          gnoll_camp_mini_hut
D:11:     layout_roguey, eino_house_with_fridge, uniq_maurice, uniq_josephine
Temple:   chequers_temple_sunken
Orc:1:    layout_caves, portal_ice_cave_entry_imps, mines_bat_river, uniq_fannar
IceCv:    ice_cave_small_giant

Skill      XL: |  1  2  3  4  5  6  7  8  9 10 11 12 |
---------------+-------------------------------------+-----
Axes           | 3 4 5 6 7 9 11 13 15 16 17 19 | 19.1
Invocations    | 3 6 7 |  7.7
Armour         | 4 6 8 10 | 10.1
Dodging        | 2 4 6 8 |  8.4
Fighting       | 5 8 |  8.0
Shields        | |  3.6

Action                   |  1- 3 |  4- 6 |  7- 9 | 10-12 || total
-------------------------+-------+-------+-------+-------++-------
Melee: War axe           |    72 |    65 |       |       ||   137
       Headbutt          |     9 |    15 |    42 |   101 ||   167
       Hand axe          |       |    44 |   207 |       ||   251
       Battleaxe         |       |       |    40 |   483 ||   523
  Use: Scroll            |       |       |    12 |     6 ||    18
       Potion            |       |       |       |     5 ||     5
Armor: Scale mail        |    33 |    48 |    84 |   245 ||   410
Dodge: Dodged            |    32 |    38 |    78 |   262 ||   410
Block: Buckler           |    15 |    15 |    27 |       ||    57
